 Dungeon Crawl Stone Soup version 0.31.0-2-g5a2aebc5c2 (webtiles) character file.

Game seed: 10274761520983742115

173 sasquatch the Changeling (level 5, -2/39 HPs)
             Began as a Merfolk Shapeshifter on Jan 20, 2024.
             Splashed by a jelly's acid (11 damage)
             ... on level 4 of the Dungeon on Jan 21, 2024.
             The game lasted 00:05:17 (2710 turns).

sasquatch the Changeling (Merfolk Shapeshifter)     Turns: 2710, Time: 00:05:18

Health: -2/39      AC: -3    Str: 16    XL:     5   Next: 53%
Magic:  5/5        EV: 12    Int:  9    God:
Gold:   115        SH:  0    Dex: 14    Spells: 4/4 levels left

rFire   . .          .
                       - Unarmed
rCold   . . .        (no shield)
rNeg    . . .        t - +0 ring mail
rPois   .            (helmet currently unavailable)
rElec   .            (cloak currently unavailable)
rCorr   .            (gloves currently unavailable)
SInv    .            (boots currently unavailable)
Will    .....        (no amulet)
Stlth   +            (no ring)
HPRegen 0.26/turn    (no ring)
MPRegen 0.09/turn

%: no passive effects
@: beast-form, corroded
A: beast (slay +2), (nimble swimmer 2), mertail
a: Begin Untransformation


You were on level 4 of the Dungeon.
You were a hulking beast.
You visited 1 branch of the dungeon, and saw 4 of its levels.

You collected 115 gold pieces.

Inventory:

Hand Weapons
 s - a +0 mace of protection
Missiles
 r - 4 poisoned darts (quivered)
 x - 5 javelins
Armour
 f - a +1 pair of boots
 t - a +0 ring mail (worn)
 v - a +1 helmet
Talismans
 c - a beast talisman
 d - a flux talisman
Scrolls
 a - a scroll of vulnerability {unknown}
 e - a scroll of enchant weapon {unknown}
 h - a scroll of fog {unknown}
 i - a scroll of fear
 j - a scroll of acquirement {unknown}
 l - a scroll of identify
 o - a scroll of revelation {unknown}
 q - a scroll of torment {unknown}
 w - a scroll of amnesia {unknown}
Potions
 b - a potion of lignification
 g - a potion of curing
 k - a potion of might {unknown}
 m - a potion of mutation {unknown}
 n - 2 potions of magic {unknown}
 p - 2 potions of invisibility
 u - a potion of enlightenment {unknown}
 z - a potion of heal wounds {unknown}


   Skills:
 + Level 2.7 Fighting
 + Level 4.2 Dodging
 * Level 4.6 Unarmed Combat
 + Level 5.0 Shapeshifting


You had 4 spell levels left.
You didn't know any spells.
Your spell library contained the following spells:

 Spells                   Type           Power      Damage    Failure   Level
 Iskenderun's Battlesphe  Conj           0%         2d6       100%        5
 Summon Forest            Summ/Tloc      0%         N/A       100%        5
 Bombard                  Conj/Erth      0%         9d1       100%        6
 Eringya's Noxious Bog    Alch           0%         4d6       100%        6
 Spellforged Servitor     Conj/Summ      0%         N/A       100%        7
 Summon Hydra             Summ           0%         N/A       100%        7


Dungeon Overview and Level Annotations

Branches:
Dungeon (4/15)
 Temple: D:4-7

Altars:
Ru

Annotations:
D:3 2 transporters, BigPumpCobain's ghost, amateur DrSh


Innate Abilities, Weirdness & Mutations

You are a hulking beast.
Your limbs bulge with bestial killing power. (Slay +2)
((You are very nimble when in or above water. (Stealth+, EV+, Speed+++)))
Your lower body shifts to a powerful aquatic tail in water.


Message History

The jackal barks!
BigPumpCobain's ghost turns its malevolent gaze towards you.
Found a sacrificial altar of Ru.
You pick your way through the web.
There is a web here.
You see here a +0 leather armour.
Partly explored, unvisited transporter.
Partly explored, unvisited transporter.
There is a stone staircase leading down here.
Okay, then.
Okay, then.
As you read the scroll labelled EDAGAY VEYBI, it crumbles to dust.
You assume a fearsome visage.
Nothing appears to happen.
It was a scroll of fear.
As you read the scroll labelled BAQET TENOIKLE, it crumbles to dust.
It is a scroll of identify.
p - 2 potions of invisibility You climb downwards.
Found a puce potion.
There is a stone staircase leading up here.
z - a puce potion A jelly comes into view.
The jelly quivers.
The jelly jiggles.
The jelly hits you but does no damage.
You hit the jelly. The acid corrodes you!
Your hands burn!
The jelly is lightly wounded.
You hit the jelly.
Your hands burn!
The jelly is heavily wounded.
The jelly hits you.
You are splashed with acid.
You hit the jelly but do no damage. The acid corrodes you!
Your hands burn!
The jelly is heavily wounded.
The jelly hits you.
You are splashed with acid!
You are too injured to fight recklessly!
You hit the jelly.
Your hands burn!
* * * LOW HITPOINT WARNING * * *
The jelly is heavily wounded.
The jelly hits you.
* * * LOW HITPOINT WARNING * * *
You are splashed with acid!
You die...

. .. #.. #..
#..####
#..J.#######
#h.....<#
#########


You could see a jelly.

Vanquished Creatures
  A hound (D:3)
  Robin (D:3)
  5 adders
  A gnoll (D:1)
  3 ribbon worms (D:2)
  An orc (D:3)
  3 ball pythons
  8 bats
  8 endoplasms
  A giant cockroach (D:3)
  11 goblins
  6 hobgoblins
  3 jackals (D:1)
  A quokka (D:2)
  2 frilled lizards
  4 kobolds
  7 rats
66 creatures vanquished.

Notes
Turn   | Place    | Note
-------+----------+-------------------------------------------
     0 | D:1      | sasquatch the Merfolk Shapeshifter began the quest for the
                  | Orb.
     0 | D:1      | Reached XP level 1. HP: 15/15 MP: 1/1
    40 | D:1      | Reached XP level 2. HP: 16/21 MP: 2/2
   225 | D:1      | Reached XP level 3. HP: 15/27 MP: 3/3
  1152 | D:2      | Reached XP level 4. HP: 27/33 MP: 4/4
  2014 | D:3      | Reached XP level 5. HP: 37/39 MP: 5/5
  2080 | D:3      | Found a transporter.
  2080 | D:3      | Noticed BigPumpCobain's ghost (amateur DrSh)
  2080 | D:3      | Noticed a kobold brigand
  2168 | D:3      | Noticed Robin
  2188 | D:3      | Reached skill level 5 in Shapeshifting
  2192 | D:3      | Killed Robin
  2363 | D:3      | Found a transporter.
  2611 | D:3      | Found a sacrificial altar of Ru.
  2710 | D:4      | Splashed by a jelly's acid

Illustrated notes

Levels and vault maps discovered:
D:1:      amcnicky_arrival_blooded_trapdoor, layout_loops_ring
D:2:      layout_loops_ring
D:3:      layout_loops_ring, nicolae_ru_the_path_less_chosen,
          gammafunk_ghost_arena, uniq_robin
D:4:      layout_cave_pods

Skill      XL: |  1  2  3  4  5 |
---------------+----------------+-----
Dodging        | 3 4 |  4.2
Fighting       | 2 |  2.7
Unarmed Combat | 4 |  4.6
Shapeshifting  | 5 |  5.0

Action                     |  1- 3 |  4- 6 || total
---------------------------+-------+-------++-------
  Melee: Unarmed           |    94 |   106 ||   200
         Punch             |     1 |     5 ||     6
    Use: Potion            |     1 |       ||     1
         Scroll            |       |     2 ||     2
 Armour: Animal skin       |    41 |    26 ||    67
         Ring mail         |       |    35 ||    35
  Dodge: Dodged            |    50 |    63 ||   113
